 Dungeon Crawl Stone Soup version 0.29-a0-369-gd956c00756 (webtiles) character file.

Game seed: 16521097301141952904

133 freelancePsychic the Skirmisher (level 4, -2/35 HPs)
             Began as a Demonspawn Warper on May 1, 2022.
             Slain by an orc priest
             ... wielding a +0 flail
              (5 damage)
             ... on level 3 of the Dungeon.
             The game lasted 00:05:30 (3234 turns).

freelancePsychic the Skirmisher (Demonspawn Warper) Turns: 3234, Time: 00:05:30

Health: -2/35      AC: 13    Str:  9 (11) XL:     4   Next: 94%
Magic:  7/7        EV: 10    Int: 15 (16) God:
Gold:   128        SH:  0    Dex: 12 (13) Spells: 7/7 levels left

rFire   . . .      SeeInvis .   b - +0 hunting sling
rCold   . . .      Faith    .   (no shield)
rNeg    . . .      Spirit   .   d - +2 ring mail
rPois   .          Reflect  .   (helmet restricted)
rElec   .          Harm     .   (no cloak)
rCorr   .          Rampage  .   (no gloves)
Will    .....                   (no boots)
Stlth   +.........              (no amulet)
HPRegen 0.11/turn               (no ring)
MPRegen 0.10/turn               (no ring)

@: sanguine armoured
A: horns 1, sanguine armour 1
a: no special abilities


You were on level 3 of the Dungeon.
You visited 1 branch of the dungeon, and saw 3 of its levels.

You collected 128 gold pieces.

Inventory:

Hand Weapons
 a - a +0 spear
 b - a +0 hunting sling (weapon)
Missiles
 e - a throwing net
Armour
 d - a +2 ring mail (worn)
 g - a +0 leather armour
Jewellery
 k - a ring of magical power
Scrolls
 f - 2 scrolls of noise


   Skills:
 + Level 3.3 Fighting
 - Level 2.7 Polearms
 * Level 2.6(2.7) Slings
 - Level 0.8(1.9) Throwing
 - Level 0.8 Armour
 - Level 1.7 Dodging
 - Level 2.0 Spellcasting
 - Level 2.6 Translocations


You had 7 spell levels left.
You didn't know any spells.
Your spell library contained the following spells:

 Spells                   Type           Power      Damage    Failure   Level
 Blink                    Tloc           18%        N/A       30%         2
 Gell's Gravitas          Tloc           9%         N/A       52%         3
 Lesser Beckoning         Tloc           9%         N/A       52%         3
 Teleport Other           Tloc           9%         N/A       52%         3
 Confusing Touch          Hex            1%         N/A       88%         3
 Manifold Assault         Tloc           9%         N/A       99%         5
 Yara's Violent Unravell  Hex/Tmut       0%         3d3       100%        5
 Enfeeble                 Hex            0%         N/A       100%        7


Dungeon Overview and Level Annotations

Branches:
Dungeon (3/15)

Altars:
Ashenzari

Shops:
D:1 *

Annotations:
D:2 Jessica, Sigmund


Innate Abilities, Weirdness & Mutations

You have a pair of small horns on your head.
When seriously injured, your blood forms armour. (AC +6)


Message History

You shoot a sling bullet.
The sling bullet barely misses the orc priest.
The sling bullet hits the orc!
You kill the orc!
The orc priest hits you but does no damage.
Fire: b) +0 hunting sling
Press: ? - help, Shift-Dir - straight line, f/p - orc priest
Aim: an orc priest, wielding a +0 flail and wearing a +0 leather armour (56% to hit)
You shoot a sling bullet. The sling bullet hits the orc priest.
The orc priest is lightly wounded.
The orc priest barely misses you.
An orc comes into view. It is wielding a +0 trident.
The orc priest hits you but does no damage.
Fire: b) +0 hunting sling
Press: ? - help, Shift-Dir - straight line, f/p - orc priest
Aim: an orc priest, wielding a +0 flail and wearing a +0 leather armour (lightly wounded, 56% to hit)
You shoot a sling bullet.
The sling bullet barely misses the orc priest.
The orc priest closely misses you.
The orc hits you from afar with a +0 trident.
* * * LOW HITPOINT WARNING * * *
Fire: b) +0 hunting sling
Press: ? - help, Shift-Dir - straight line, f/p - orc priest
Aim: an orc priest, wielding a +0 flail and wearing a +0 leather armour (lightly wounded, 56% to hit)
You shoot a sling bullet.
The sling bullet closely misses the orc priest.
The orc misses you.
The orc priest hits you with a +0 flail.
* * * LOW HITPOINT WARNING * * *
The orc priest closely misses you. The orc hits you but does no damage.
You aren't carrying any potions.
Okay, then.
You aren't carrying any items that you can evoke.
Fire: b) +0 hunting sling
Press: ? - help, Shift-Dir - straight line, f/p - orc priest
Aim: an orc priest, wielding a +0 flail and wearing a +0 leather armour (lightly wounded, 56% to hit)
You shoot a sling bullet. The sling bullet hits the orc priest.
The orc priest is moderately wounded.
The orc priest hits you with a +0 flail.
You die...

.#.........#.#.#
#.#'#.#.#.
........S.....#
##.S....##
......#######.#
#####S.†...# .....
#..S..##...........#
....
##§######.###......)##
.S. #.........
#......... .#
#......... #.#+###...
#..S######.####.# #...
#...+@o)# .....# #.†.
#...###o######..###...
#...# #.##............
#...# #.##.#########.#
#... #.##...##### #.#
#### ##........... #.#
#.....#.####. #.#
#.#<....... ..#
#.#.....##.# ###


You could see an orc priest and an orc.

Vanquished Creatures
  4 gnolls (D:3)
  2 adders
  A worm (D:2)
  5 orcs
  3 ball pythons (D:1)
  7 endoplasms
  2 giant cockroaches
  4 goblins
  5 hobgoblins
  3 jackals (D:1)
  3 kobolds (D:1)
  3 quokkas
  10 bats
  3 frilled lizards
  3 rats
58 creatures vanquished.

Vanquished Creatures (collateral kills)
  An ufetubus (D:3)
1 creature vanquished.

Vanquished Creatures (others)
  4 fungi (D:3)
  26 plants
30 creatures vanquished.

Grand Total: 89 creatures vanquished

Notes
Turn   | Place    | Note
-------+----------+-------------------------------------------
     0 | D:1      | freelancePsychic the Demonspawn Warper began the quest for
                  | the Orb.
     0 | D:1      | Reached XP level 1. HP: 16/16 MP: 3/3
   106 | D:1      | Gained mutation: When seriously injured, your blood forms
                  | armour. (AC +6) [demonic ancestry]
   106 | D:1      | Reached XP level 2. HP: 8/22 MP: 5/5
   842 | D:1      | Found Dyttam's General Store.
   887 | D:1      | Gained mutation: You have a pair of small horns on your
                  | head. [demonic ancestry]
   887 | D:1      | Reached XP level 3. HP: 24/28 MP: 6/6
  1322 | D:2      | Noticed Sigmund
  1337 | D:2      | Reached skill level 1 in Slings
  1382 | D:2      | Found a broken altar of Ashenzari.
  1463 | D:2      | Noticed Jessica
  2079 | D:3      | Reached skill level 3 in Fighting
  2079 | D:3      | Reached XP level 4. HP: 21/35 MP: 7/7
  3234 | D:3      | Slain by an orc priest

Illustrated notes

Levels and vault maps discovered:
D:1:      evilmike_arrival_rings, layout_rooms, serial_shops, shop,
          minmay_ruptured
D:2:      kennysheep_six_static_rooms, layout_basic, basic_altar,
          nicolae_grassy_gnolls, uniq_jessica, uniq_sigmund
D:3:      minmay_chambers_of_threes, layout_basic,
          nicolae_overflow_hidden_temple,
          shapermc_ecumenical_altar_mp_urbaneastern

Skill      XL: |  1  2  3  4 |
---------------+-------------+-----
Polearms       | 2 |  2.7
Slings         | 1 2 |  2.6
Fighting       | 3 |  3.3
Throwing       | |  0.8
Armour         | |  0.8
Dodging        | |  1.7
Spellcasting   | |  2.0
Translocations | |  2.6

Action                   |  1- 3 |  4- 6 || total
-------------------------+-------+-------++-------
Melee: Spear             |    81 |     2 ||    83
       Headbutt          |       |     1 ||     1
 Fire: Hunting sling     |    86 |    88 ||   174
Throw: Boomerang         |     7 |       ||     7
  Use: Scroll            |     7 |     5 ||    12
       Potion            |       |     3 ||     3
Armor: Leather armour    |    15 |       ||    15
       Ring mail         |    43 |    52 ||    95
Dodge: Dodged            |   105 |    58 ||   163

Table legend: (Time is in decaauts)
 A = Elapsed time spent in this place.
 B = Non-inter-level travel time spent in this place.
 C = Inter-level travel time spent in this place.
 D = Time resting spent in this place.
 E = Time spent auto-exploring this place.
 F = Levels seen in this place.
 G = Mean time per level.
                   A        B        C        D        E       F      G
               +--------+--------+--------+--------+--------+-----+--------+
         Total |   3330 |   3239 |     91 |    496 |   2084 |   3 | 1110.0 |
       Dungeon |   3330 |   3239 |     91 |    496 |   2084 |   3 | 1110.0 |
               +--------+--------+--------+--------+--------+-----+--------+

Top non-repeatable levels by time:
     D:3: 1588 daAuts
     D:1: 1386 daAuts
     D:2: 354 daAuts
